Map: Newkirk Precinct TE (Void)

Players

Harstem - Winner!

  • Race: Protoss Protoss
  • Spawn Location: 5:00

Kashim

  • Race: Zerg Zerg
  • Spawn Location: 7:00

Event: IEM XI Katowice - World Championship 2017

VOD

Have the link to the VOD?

Description

Time

  • Played on: Feb. 27, 2017, 5:15 a.m.
  • Length: 7:08

All games in this series

Show
View Real Time Build Order
Export as new Build Order

Harstem Protoss - Winner!

Build Orders: 1 Gate Expand, Oracle Opening 

Get SALT Encoding   

  12  0:01  Probe (Chrono Boost)  
  13  0:11  Probe (Chrono Boost)  
  14  0:19  Pylon  
  14  0:22  Probe (Chrono Boost)  
  15  0:37  Probe (Chrono Boost)  
  15  0:39  Gateway  
  16  0:48  Probe (Chrono Boost)  
  16  0:49  Assimilator  
  17  0:58  Probe (Chrono Boost)  
  18  1:09  Probe (Chrono Boost)  
  19  1:19  Probe (Chrono Boost)  
  20  1:27  Nexus  
  20  1:35  Cybernetics Core  
  20  1:39  Probe (Chrono Boost)  
  21  1:45  Assimilator  
  21  1:50  Probe (Chrono Boost)  
  22  1:58  Pylon  
  22  2:00  Probe (Chrono Boost)  
  23  2:12  Warp Gate  
  23  2:14  Adept  
  23  2:18  Probe (Chrono Boost)  
  26  2:29  Probe (Chrono Boost)  
  27  2:37  Stargate  
  27  2:39  Probe (Chrono Boost)  
  27  2:40  Adept, Probe (Chrono Boost)  
  31  2:50  Probe x2 (Chrono Boost)  
  33  3:01  Probe x2 (Chrono Boost)  
  33  3:04  Gateway  
  33  3:05  Gateway  
  35  3:11  Probe (Chrono Boost)  
  35  3:12  Probe (Chrono Boost)  
  37  3:15  Oracle  
  37  3:23  Mothership Core (Chrono Boost)  
  42  3:27  Pylon  
  42  3:31  Probe (Chrono Boost)  
  44  3:41  Probe (Chrono Boost)  
  44  3:43  Probe (Chrono Boost)  
  45  3:49  Adept x3  
  45  3:53  Pylon, Probe (Chrono Boost)  
  53  3:56  Probe (Chrono Boost)  
  53  4:09  Nexus  
  53  4:11  Oracle  
  56  4:18  Pylon  
  56  4:25  Adept x2  
  56  4:28  Adept  
  62  4:37  Pylon, Probe x2 (Chrono Boost)  
  64  4:45  Zealot, Pylon  
  64  4:47  Sentry  
  64  4:48  Probe (Chrono Boost)  
  64  4:51  Assimilator  
  70  4:52  Probe (Chrono Boost)  
  70  4:55  Assimilator  
  70  4:58  Probe (Chrono Boost)  
  70  4:59  Phoenix  
  73  5:12  Probe (Chrono Boost)  
  73  5:13  Probe (Chrono Boost)  
  75  5:23  Probe x2 (Chrono Boost)  
  75  5:24  Robotics Facility, Probe (Chrono Boost), Forge  
  74  5:33  Probe x2 (Chrono Boost)  
  74  5:34  Probe (Chrono Boost)  
  77  5:37  Zealot x2, Sentry  
  77  5:41  Pylon  
  83  5:44  Probe x2 (Chrono Boost)  
  83  5:47  Probe (Chrono Boost)  
  80  5:54  Probe (Chrono Boost)  
  80  5:55  Probe (Chrono Boost)  
  82  5:58  Sentry, Probe (Chrono Boost), Stalker  
  87  6:05  Probe (Chrono Boost)  
  87  6:09  Immortal  
  87  6:10  Probe (Chrono Boost)  
  83  6:11  Gateway  
  83  6:13  Gateway  
  83  6:16  Twilight Council  
  83  6:18  Probe x2 (Chrono Boost)  
  89  6:22  Probe (Chrono Boost)  
  90  6:26  Pylon  
  90  6:28  Probe (Chrono Boost), Pylon, Sentry x2  
  95  6:36  Stalker  
  97  6:41  Gateway  
  97  6:42  Pylon, Gateway  
  92  6:57  Stalker x2  
  94  7:04  Assimilator  
  94  7:07  Stalker  
  94  7:08  Assimilator  
Show
View Real Time Build Order
Export as new Build Order

Kashim Zerg 

Build Orders: Hatch First 

Get SALT Encoding   

  12  0:02  Drone  
  13  0:13  Overlord  
  13  0:18  Drone  
  14  0:31  Drone  
  14  0:32  Drone  
  16  0:36  Drone  
  17  0:55  Hatchery  
  16  0:58  Drone  
  16  1:00  Drone  
  16  1:02  Extractor  
  17  1:17  Spawning Pool  
  16  1:19  Drone  
  16  1:22  Drone  
  18  1:29  Drone  
  19  1:40  Overlord  
  19  1:51  Drone  
  20  2:03  Queen  
  20  2:04  Metabolic Boost  
  20  2:06  Zergling x2  
  23  2:09  Queen  
  23  2:15  Zergling x4  
  26  2:19  Drone  
  28  2:34  Drone x3  
  31  2:42  Drone  
  32  2:44  Queen  
  32  2:47  Overlord  
  32  2:51  Drone  
  35  2:55  Drone  
  36  3:07  Drone x2  
  37  3:14  Extractor  
  37  3:19  Drone  
  37  3:20  Drone  
  37  3:26  Zergling x2  
  37  3:27  Zergling x2  
  40  3:30  Overlord  
  40  3:33  Hatchery  
  39  3:40  Roach Warren  
  38  3:44  Spore Crawler  
  38  3:46  Spore Crawler  
  38  3:47  Drone  
  37  3:51  Drone  
  37  3:52  Drone  
  37  3:53  Drone  
  40  4:06  Drone  
  40  4:07  Drone x2  
  43  4:17  Overlord, Drone  
  43  4:18  Drone x3  
  43  4:22  Lair  
  47  4:25  Drone  
  48  4:33  Zergling x6  
  48  4:34  Overlord  
  51  4:40  Extractor, Drone  
  51  4:44  Queen  
  53  4:47  Drone x2  
  53  4:48  Roach  
  53  4:52  Roach  
  59  4:54  Roach  
  61  5:00  Roach x2  
  64  5:07  Roach  
  64  5:08  Roach x2  
  64  5:10  Roach  
  64  5:17  Roach x4  
  65  5:23  Roach x2  
  65  5:27  Ravager x3  
  68  5:33  Roach  
  68  5:34  Roach x2  
  67  5:40  Roach  
  67  5:42  Drone  
  58  5:55  Drone x5  
  63  6:01  Drone x2  
  65  6:07  Drone  
  65  6:09  Overlord  
  66  6:26  Overlord  
  66  6:27  Queen, Overlord  
  66  6:32  Ravager  
  69  6:34  Ravager  
  69  6:36  Ravager  
  69  6:37  Drone x2  
  69  6:38  Drone x2  

Tags
 
Add a new tag
Caveats
  • Supply blocks, unpowered buildings, or Contaminate may cause inaccurate times.
  • Supply counts are checked every 10 seconds.